 Dungeon Crawl Stone Soup version 0.29-a0-414-g5075937ec3 (webtiles) character file.

Game seed: 3406496109362798471

18108 purpskrrrp the Carver (level 12, -8/94 HPs)
             Began as a Demonspawn Fighter on May 15, 2022.
             Was a High Priest of Cheibriados.
             Mangled by Rupert
             ... wielding a +2 great mace of protection
              (30 damage)
             ... on level 3 of the Lair of Beasts.
             The game lasted 01:47:27 (13608 turns).

purpskrrrp the Carver (Demonspawn Fighter)         Turns: 13608, Time: 01:47:28

Health: -8/94      AC: 23    Str: 34    XL:     12   Next: 24%
Magic:  12/12      EV: 12    Int: 21    God:    Cheibriados [*****.]
Gold:   455        SH:  4    Dex: 38    Spells: 10/11 levels left

rFire   + + .      SeeInvis +   i - +6 great sword of the Ecumenical Temple {vamp, Will+}
rCold   + . .      Faith    .   (shield currently unavailable)
rNeg    . . .      Spirit   .   U - +1 plate armour {rC+}
rPois   +          Reflect  .   (helmet unavailable)
rElec   .          Harm     .   t - +0 cloak
rCorr   +          Rampage  .   b - +2 pair of gloves of the Tick {-Tele rPois rF+ Dex+3}
Will    +....      NoTele   +   (no boots)
Stlth   ..........              z - amulet of regeneration
HPRegen 1.05/turn               P - ring "Ximur" {rF+ rCorr}
MPRegen 0.13/turn               j - +6 ring of dexterity

@: mighty, very slow
A: antennae 3, thin skeletal structure 1, icemail 1, condensation shield, agile
1, poison resistance
a: Renounce Religion, Bend Time, Temporal Distortion, Slouch, Step From Time


You were on level 3 of the Lair of Beasts.
You worshipped Cheibriados.
Cheibriados was extremely pleased with you.
You visited 3 branches of the dungeon, and saw 14 of its levels.
You also visited: Bailey.

You collected 789 gold pieces.
You spent 334 gold pieces at shops.

Inventory:

Hand Weapons
 i - the +6 great sword of the Ecumenical Temple (weapon) {vamp, Will+}
   (You acquired it on level 1 of the Dungeon)

   It occasionally heals its wielder for a portion of the damage dealt when it
   wounds a living foe.
   Will:      It increases your willpower.
 Y - the +6 mace of the Forest {drain, Str+7 Int-2}
   (You found it in a bailey)

   A truly terrible weapon, it drains the life of any living foe it strikes.
   Str:       It affects your strength (+7).
   Int:       It affects your intelligence (-2).
Missiles
 v - 3 javelins (quivered)
Armour
 b - the +2 pair of gloves of the Tick (worn) {-Tele rPois rF+ Dex+3}
   (You bought it in a shop on level 2 of the Dungeon)

   Dex:       It affects your dexterity (+3).
   rF:        It protects you from fire.
   rPois:     It protects you from poison.
   -Tele:     It prevents most forms of teleportation.
 t - a +0 cloak (worn)
 F - +0 swamp dragon scales
 U - a +1 plate armour of cold resistance (worn)
Jewellery
 g - a ring of willpower
 j - a +6 ring of dexterity (right hand)
 l - a +4 ring of evasion
 z - an amulet of regeneration (around neck)
 B - an amulet of the acrobat
 P - the ring "Ximur" (left hand) {rF+ rCorr}
   (You acquired it on level 8 of the Dungeon)

   [ring of resist corrosion]

   rF:        It protects you from fire.
   rCorr:     It protects you from acid and corrosion.
 Z - a ring of flight
Wands
 a - a wand of charming (2)
 c - a wand of polymorph (10)
 h - a wand of iceblast (6)
 A - a wand of digging (6)
 G - a wand of mindburst (9)
 J - a wand of paralysis (7)
 M - a wand of flame (11)
 T - a wand of acid (9)
Scrolls
 m - a scroll of summoning
 s - 7 scrolls of teleportation
 x - 4 scrolls of fear
 C - 2 scrolls of silence
 E - 3 scrolls of magic mapping
 I - 7 scrolls of identify
 X - a scroll of fog
Potions
 d - a potion of magic {unknown}
 e - a potion of lignification {unknown}
 f - a potion of brilliance
 k - 5 potions of attraction
 u - a potion of mutation
 H - 2 potions of invisibility {unknown}
 R - 3 potions of cancellation
Miscellaneous
 r - a condenser vane
 S - a condenser vane


   Skills:
 + Level 8.6 Fighting
 + Level 13.4 Long Blades
 + Level 2.4 Maces & Flails
 + Level 3.3 Throwing
 + Level 8.4 Armour
 + Level 3.1 Dodging
 + Level 1.8 Stealth
 + Level 5.0 Shields
 + Level 1.2 Evocations


You had 10 spell levels left.
You knew the following spells:

 Your Spells              Type           Power      Damage    Failure   Level
a - Summon Small Mammal   Summ           0%         N/A       73%         1

Your spell library contained the following spells:

 Spells                   Type           Power      Damage    Failure   Level
 Static Discharge         Conj/Air       0%         N/A       86%         2
 Call Canine Familiar     Summ           0%         N/A       97%         3
 Ozocubu's Armour         Ice            0%         N/A       97%         3
 Summon Guardian Golem    Hex/Summ       0%         N/A       97%         3
 Dispel Undead            Necr           0%         3d6       100%        4
 Sticky Flame             Conj/Fire      0%         2d3       100%        4
 Ozocubu's Refrigeration  Ice            0%         4d5       100%        7


Dungeon Overview and Level Annotations

Branches:
Dungeon (10/15)            Temple (1/1) D:7            Lair (3/6) D:10
    Orc (0/2) D:9          Bailey (visited)
  Swamp: Lair:2-4    Shoals: Lair:2-4     Snake: Lair:2-4    Spider: Lair:2-4

Altars:
Ashenzari
Cheibriados
Dithmenos
Elyvilon
Fedhas
Gozag
Hepliaklqana
Kikubaaqudgha
Makhleb
Nemelex Xobeh
Okawaru
Qazlal
Ru
Sif Muna
Trog
Uskayaw
Vehumet
Wu Jian
Xom
Yredelemnul
Zin
The Shining One

Shops:
D:2 [[!

Annotations:
Lair:3 Rupert


Innate Abilities, Weirdness & Mutations

You have a pair of large antennae on your head. (SInv)
You have a somewhat thin skeletal structure. (Dex +2, Stealth+)
A meltable icy envelope protects you from harm. (AC +4)
A meltable shield of frost defends you. (SH +4)
You are agile. (Dex +2)
Your system is resistant to poisons. (rPois)


Message History

You feel much better. Rupert closely misses you. The yak barely misses you.
The yak gores you. Rupert closely misses you.
You feel much better. You block Rupert's attack.
The yak gores you but does no damage. The yak gores you.
You feel very mighty all of a sudden. You block Rupert's attack.
The yak gores you but does no damage. The yak closely misses you.
Rupert hits you but does no damage.
The air fills with toxic fumes!
As you read the scroll of poison, it crumbles to dust.
The yak barely misses you. You block Rupert's attack.
The yak barely misses you.
You closely miss Rupert.
Rupert is heavily wounded.
Rupert hits you with a +2 great mace of protection!!
The yak gores you but does no damage. The yak gores you.
You block Rupert's attack.
You slice Rupert!!
Rupert is heavily wounded.
Rupert barely misses you. The yak gores you. The yak gores you!
You closely miss Rupert.
Rupert is heavily wounded.
Rupert hits you with a +2 great mace of protection!
* * * LOW HITPOINT WARNING * * *
The yak barely misses you. The yak gores you but does no damage.
Rupert misses you.
You feel much better.
Rupert hits you with a +2 great mace of protection!!
You block the yak's attack. The yak gores you but does no damage.
You feel much better.
Rupert hits you with a +2 great mace of protection!!
* * * LOW HITPOINT WARNING * * *
The yak gores you!
* * * LOW HITPOINT WARNING * * *
The yak gores you but does no damage.
Rupert hits you with a +2 great mace of protection!
* * * LOW HITPOINT WARNING * * *
You slice Rupert!!
You feel better.
Rupert is severely wounded.
Rupert hits you with a +2 great mace of protection!!
You die...

#..### ...#.
##§§§#{ { ...P.
##§§## ..... #.☼§§#
....< ##§§##
###..... #§§##
###.>...... ##§§§#
#.......... #PY§##
#....#.#.P+
#@YY####....#.....
##@Y§§##..........
##Y§#§§§§...#.....
#.§§§§§§§.........
#.§§§§§.§.........
#.§§§§§§§.........
##.☼§§§§§§.........
#..§☼☼§§§§.........
###...........#...#


You could see Rupert (berserk) and 5 yaks.

Vanquished Creatures
  A hydra (Lair:1)
  A two-headed ogre (Bailey)
  2 black mambas (Lair:2)
  A cane toad (Lair:2)
  A kobold demonologist (D:10)
  2 rime drakes
  A komodo dragon (shapeshifter) (D:9)
  3 komodo dragons
  A polar bear (Lair:2)
  A hornet (D:8)
  2 trolls (D:10)
  Prince Ribbit (D:7)
  5 blink frogs (Lair:3)
  5 spriggans (Bailey)
  A shadow (D:9)
  2 wyverns (Lair:3)
  A vampire (D:7)
  23 yaks
  2 wraiths (D:10)
  3 vampire mosquitoes (D:10)
  3 basilisks
  A steam dragon (Bailey)
  Menkaure (D:6)
  Edmund (D:5)
  13 water moccasins
  A sky beast (D:8)
  3 orc warriors
  An ice beast (D:7)
  3 centaurs
  4 ogres
  6 wolves (Lair:2)
  4 kobold brigands (D:10)
  A phantom (D:3)
  3 necrophages
  8 bullfrogs
  A gnoll sergeant (D:7)
  3 wights (D:8)
  2 scorpions
  22 killer bees
  3 electric eels
  4 hounds
  3 orc priests
  5 jellies
  An iguana (D:4)
  6 orc wizards
  A mummy (D:5)
  8 gnolls
  12 adders
  A shadow imp (D:8)
  5 white imps
  An ufetubus (D:5)
  3 worms
  20 orcs
  6 ball pythons
  9 bats
  6 endoplasms
  13 goblins
  4 hobgoblins
  A jackal (D:2)
  9 kobolds
  3 quokkas
  2 frilled lizards
  A hobgoblin zombie (D:5)
  2 kobold zombies (D:5)
  An orc zombie (D:5)
  3 rats
  A bush (D:7)
274 creatures vanquished.

Vanquished Creatures (others)
  19 fungi
  22 plants
41 creatures vanquished.

Grand Total: 315 creatures vanquished

Notes
Turn   | Place    | Note
-------+----------+-------------------------------------------
     0 | D:1      | purpskrrrp the Demonspawn Fighter began the quest for the
                  | Orb.
     0 | D:1      | Reached XP level 1. HP: 18/18 MP: 1/1
   372 | D:1      | Gained mutation: You have a pair of small antennae on your
                  | head. [demonic ancestry]
   372 | D:1      | Reached XP level 2. HP: 24/24 MP: 2/2
   379 | D:1      | Found a faded altar of an unknown god.
   472 | D:1      | Identified a scroll of acquirement
   472 | D:1      | Acquired the +6 great sword of the Ecumenical Temple {vamp,
                  | Will+}
   793 | D:2      | Found Qemop's Armour Shoppe.
   812 | D:2      | Reached XP level 3. HP: 23/29 MP: 3/3
   904 | D:2      | Learned a level 1 spell: Summon Small Mammal
  1006 | D:2      | Found Cimy's Distillery.
  1267 | D:2      | Found Yhibli Otai's Armour Shop.
  1558 | D:3      | Noticed a phantom
  1563 | D:3      | Killed a phantom
  1564 | D:3      | Reached skill level 2 in Long Blades
  1564 | D:3      | Gained mutation: You have a somewhat thin skeletal
                  | structure. (Dex +2, Stealth+) [demonic ancestry]
  1564 | D:3      | Reached XP level 4. HP: 35/35 MP: 4/4
  1671 | D:3      | Gained mutation: A meltable shield of frost defends you.
                  | (SH +4) [demonic ancestry]
  1671 | D:3      | Reached XP level 5. HP: 41/41 MP: 5/5
  2575 | D:4      | Reached skill level 3 in Long Blades
  2651 | D:4      | Reached skill level 1 in Throwing
  2677 | D:4      | Reached XP level 6. HP: 48/48 MP: 6/6
  2912 | D:4      | Gained mutation: You passively map a small area around you.
                  | [potion of mutation]
  2912 | D:4      | Gained mutation: You are dopey. (Int -2) [potion of
                  | mutation]
  3249 | D:5      | Entered Level 5 of the Dungeon
  3421 | D:5      | Noticed Edmund
  3438 | D:5      | Killed Edmund
  3439 | D:5      | Reached skill level 4 in Long Blades
  3439 | D:5      | Reached XP level 7. HP: 46/54 MP: 7/7
  4203 | D:5      | Reached skill level 5 in Long Blades
  4393 | D:6      | Noticed Menkaure
  4401 | D:6      | Killed Menkaure
  4544 | D:6      | Reached skill level 1 in Dodging
  4574 | D:6      | Gained mutation: A meltable icy envelope protects you from
                  | harm. (AC +4) [demonic ancestry]
  4574 | D:6      | Reached XP level 8. HP: 23/61 MP: 8/8
  4603 | D:6      | Reached skill level 6 in Long Blades
  4961 | D:6      | Found a radiant altar of Vehumet.
  5400 | D:7      | Found a staircase to the Ecumenical Temple.
  5481 | D:7      | Noticed Prince Ribbit
  5499 | D:7      | Killed Prince Ribbit
  5500 | D:7      | Reached skill level 5 in Fighting
  5500 | D:7      | Reached skill level 7 in Long Blades
  5500 | D:7      | Reached skill level 1 in Stealth
  6474 | D:7      | Gained mutation: You have a pair of antennae on your head.
                  | [demonic ancestry]
  6474 | D:7      | Reached XP level 9. HP: 42/68 MP: 9/9
  6732 | Temple   | Entered the Ecumenical Temple
  6787 | Temple   | Became a worshipper of Cheibriados the Contemplative
  6810 | D:7      | Lost mutation: You are dopey. (Int -2) [potion of mutation]
  6810 | D:7      | Lost mutation: You passively map a small area around you.
                  | [potion of mutation]
  6810 | D:7      | Gained mutation: You are occasionally teleported next to
                  | monsters. [potion of mutation]
  6810 | D:7      | Gained mutation: You are dopey. (Int -2) [potion of
                  | mutation]
  6810 | D:7      | Gained mutation: You have an increased reservoir of magic.
                  | (+10% MP) [potion of mutation]
  6811 | D:7      | Lost mutation: You are dopey. (Int -2) [potion of mutation]
  6811 | D:7      | Lost mutation: You have an increased reservoir of magic.
                  | (+10% MP) [potion of mutation]
  6811 | D:7      | Lost mutation: You are occasionally teleported next to
                  | monsters. [potion of mutation]
  6811 | D:7      | Gained mutation: You passively dampen the noise of your
                  | surroundings. [potion of mutation]
  6811 | D:7      | Gained mutation: You tend to lose your temper in combat.
                  | [potion of mutation]
  6847 | D:8      | Reached skill level 8 in Long Blades
  6893 | D:8      | Reached skill level 5 in Armour
  6920 | D:8      | Acquired the ring "Ximur" {rF+ rCorr}
  6933 | D:8      | Lost mutation: You tend to lose your temper in combat.
                  | [potion of mutation]
  6933 | D:8      | Lost mutation: You passively dampen the noise of your
                  | surroundings. [potion of mutation]
  6933 | D:8      | Gained mutation: You possess an exceptional clarity of
                  | mind. [potion of mutation]
  6933 | D:8      | Gained mutation: You are agile. (Dex +2) [potion of
                  | mutation]
  6933 | D:8      | Lost mutation: You possess an exceptional clarity of mind.
                  | [potion of mutation]
  6933 | D:8      | Gained mutation: Your system is resistant to poisons.
                  | (rPois) [potion of mutation]
  7350 | D:8      | Reached skill level 9 in Long Blades
  7925 | D:8      | Reached XP level 10. HP: 26/76 MP: 10/10
  8325 | D:9      | Reached * piety under Cheibriados
  8332 | D:9      | Reached skill level 1 in Evocations
  8399 | D:9      | Noticed a black mamba
  8414 | D:9      | a black mamba changed into a komodo dragon
  8656 | D:9      | Found a staircase to the Orcish Mines.
  8832 | D:9      | Reached skill level 10 in Long Blades
  8991 | D:9      | Reached ** piety under Cheibriados
  9804 | D:2      | Bought the +2 pair of gloves of the Tick {-Tele rPois rF+
                  | Dex+3} for 334 gold pieces
 10184 | D:10     | Entered Level 10 of the Dungeon
 10446 | D:10     | Found a staircase to the Lair.
 10517 | D:10     | Reached skill level 11 in Long Blades
 10572 | D:10     | Found a flagged portal.
 10595 | D:10     | Reached XP level 11. HP: 71/83 MP: 11/11
 10604 | Bailey   | Entered a bailey
 11004 | Bailey   | Reached *** piety under Cheibriados
 11053 | Bailey   | Noticed a two-headed ogre
 11060 | Bailey   | Killed a two-headed ogre
 11086 | Bailey   | Identified the +6 mace of the Forest {drain, Str+7 Int-2}
 11835 | Lair:1   | Entered Level 1 of the Lair of Beasts
 11973 | Lair:1   | Noticed a seven-headed hydra
 11979 | Lair:1   | Killed a ten-headed hydra
 12046 | Lair:1   | Reached skill level 12 in Long Blades
 12599 | Lair:2   | Reached **** piety under Cheibriados
 12905 | Lair:2   | Reached ***** piety under Cheibriados
 12935 | Lair:2   | Reached skill level 5 in Shields
 12935 | Lair:2   | Gained mutation: You have a pair of large antennae on your
                  | head. (SInv) [demonic ancestry]
 12935 | Lair:2   | Reached XP level 12. HP: 83/93 MP: 12/12
 13444 | Lair:3   | Reached skill level 13 in Long Blades
 13581 | Lair:3   | Noticed Rupert
 13607 | Lair:3   | HP: 3/94 [Rupert/+2 great mace of protection (9)]
 13608 | Lair:3   | Mangled by Rupert

Illustrated notes

Levels and vault maps discovered:
D:1:      grunt_arrival_lava_bath, layout_rooms,
          dreamdust_ecumenical_altar_angels_and_demons, st_stairs_6
D:2:      layout_loops_ring, serial_shops, nicolae_lakefront_shop, shop, shop,
          minmay_distorted
D:3:      layout_basic
D:4:      layout_basic, chequers_arboretum
D:5:      layout_basic, minmay_mini_ossuary, uniq_edmund
D:6:      layout_gridville, lemuel_doored_altar, uniq_menkaure
D:7:      layout_basic, minmay_temple_entry_tees, roderic_lattice_a,
          serial_park_tiny_1, uniq_prince_ribbit1
D:8:      layout_basic, serial_glass, glass_columns_a, glass_columns_a,
          minivault_10, lightli_minifort
D:9:      layout_basic, orc_0_dummy
D:10:     layout_long_grid, dpeg_oklobed_lair, enter_bailey_3,
          chequers_serial_rivers_room_b
Temple:   nicolae_temple_the_god_donut
Lair:1:   layout_chaotic_city, grunt_megastairs_1
Lair:2:   layout_loops_ring, cheibrodos_lair_reptile_den,
          infiniplex_staircase_pool_2, serial_bayou_shore_a, lemuel_fruit_tree
Lair:3:   layout_chaotic_city, hellmonk_spider_entry_life_and_decay, uniq_rupert

Skill      XL: |  1  2  3  4  5  6  7  8  9 10 11 12 |
---------------+-------------------------------------+-----
Armour         | 3 4 5 6 8 |  8.4
Maces & Flails | 2 |  2.4
Long Blades    | 2 3 4 5 7 9 11 12 13 | 13.4
Fighting       | 4 5 6 8 |  8.6
Throwing       | 1 2 3 |  3.3
Dodging        | 1 2 3 |  3.1
Shields        | 3 4 5 |  5.0
Stealth        | 1 |  1.8
Evocations     | 1 |  1.2

Action                   |  1- 3 |  4- 6 |  7- 9 | 10-12 || total
-------------------------+-------+-------+-------+-------++-------
Melee: Flail             |    35 |       |       |       ||    35
       Great sword       |    40 |    62 |   226 |   404 ||   732
Throw: Boomerang         |     4 |    78 |     6 |    10 ||    98
       Stone             |       |       |     5 |       ||     5
       Javelin           |       |       |     6 |     8 ||    14
       Dart              |       |       |       |     2 ||     2
Evoke: Wand              |       |       |     6 |     3 ||     9
  Use: Potion            |     4 |     2 |     6 |    10 ||    22
       Scroll            |     6 |     7 |     9 |     3 ||    25
 Stab: Sleeping          |       |       |     2 |       ||     2
Armor: Scale mail        |    38 |    12 |   105 |       ||   155
       Plate armour      |     8 |    11 |     5 |   329 ||   353
Dodge: Dodged            |    52 |    30 |   226 |   327 ||   635
Block: Buckler           |     8 |       |       |       ||     8
       Other             |       |     7 |    46 |    98 ||   151

Table legend: (Time is in decaauts)
 A = Elapsed time spent in this place.
 B = Non-inter-level travel time spent in this place.
 C = Inter-level travel time spent in this place.
 D = Time resting spent in this place.
 E = Time spent auto-exploring this place.
 F = Levels seen in this place.
 G = Mean time per level.
                   A        B        C        D        E       F      G
               +--------+--------+--------+--------+--------+-----+--------+
         Total |  16354 |  12953 |   3401 |   2106 |   8032 |  15 | 1090.3 |
       Dungeon |  12898 |   9780 |   3118 |   1574 |   6199 |  10 | 1289.8 |
        Temple |     72 |     16 |     56 |      0 |      7 |   1 |   72.0 |
          Lair |   2747 |   2520 |    227 |    183 |   1825 |   3 |  915.7 |
        Bailey |    637 |    637 |      0 |    349 |      0 |   1 |  637.0 |
               +--------+--------+--------+--------+--------+-----+--------+

Top non-repeatable levels by time:
     D:8: 1907 daAuts
    D:10: 1681 daAuts
     D:9: 1676 daAuts
     D:7: 1449 daAuts
  Lair:2: 1336 daAuts
     D:5: 1288 daAuts
  Lair:1: 1151 daAuts
     D:2: 1103 daAuts
     D:6: 1082 daAuts
     D:4: 1024 daAuts
     D:3: 933 daAuts
     D:1: 751 daAuts
  Bailey: 637 daAuts
  Lair:3: 259 daAuts
  Temple: 72 daAuts
